 Dungeon Crawl Stone Soup version 0.27.1-33-g824d729ab1 (webtiles) character file.

Game seed: 16275610319822326423

901 jlumianski the Skirmisher (level 8, 0/48 HPs)
             Began as a Gargoyle Monk on Dec 13, 2021.
             Slain by an ogre (18 damage)
             ... on level 4 of the Dungeon.
             The game lasted 00:15:51 (3673 turns).

jlumianski the Skirmisher (Gargoyle Monk)           Turns: 3673, Time: 00:15:51

Health: 0/48       AC:  8    Str: 17    XL:     8   Next: 7%
Magic:  8/8        EV: 13    Int: 11    God:
Gold:   233        SH:  5    Dex: 12    Spells: 4/7 levels left

rFire    . . .     SeeInvis .   e - +3 short sword (speed)
rCold    x . .     Faith    .   (no shield)
rNeg     + . .     Spirit   .   y - +0 robe "Saaha" {rC- Will+ Regen+ Slay+2}
rPois    ∞         Reflect  +   (no helmet)
rElec    +         Harm     .   (no cloak)
rCorr    +         Rampage  .   h - +0 pair of gloves
Will     +....                  (no boots)
Stlth    +++.......             t - amulet of reflection
HPRegen  1.16/turn              A - ring of resist corrosion
MPRegen  0.11/turn              (no ring)

@: hasted, studying Short Blades, very quick
A: sickness immunity, AC +5, negative energy resistance 1, electricity
resistance, torment resistance 1, petrification resistance
a: no special abilities


You were on level 4 of the Dungeon.
You visited 1 branch of the dungeon, and saw 6 of its levels.

You collected 233 gold pieces.

Inventory:

Hand Weapons
 a - a +0 hand axe
 e - a +3 short sword of speed (weapon)
 n - a +0 hunting sling
 s - a +0 vorpal flail
Missiles
 c - 9 poisoned darts (quivered)
 d - 6 boomerangs
 f - 116 stones
Armour
 b - a +0 robe
 h - a +0 pair of gloves (worn)
 o - a +0 leather armour of fire resistance
 y - the +0 robe "Saaha" (worn) {rC- Will+ Regen+ Slay+2}
   (You found it on level 5 of the Dungeon)

   Slay:      It affects your accuracy & damage with ranged weapons and melee
   (+2).
   rC:        It makes you vulnerable to cold.
   Regen:     It increases your rate of health regeneration.
   Will:      It increases your willpower.
Jewellery
 j - an amulet of faith
 t - an amulet of reflection (around neck)
 u - an amulet of magic regeneration
 A - a ring of resist corrosion (left hand)
Wands
 v - a wand of digging (6)
 w - a wand of iceblast (14)
Scrolls
 k - a scroll of enchant weapon
 x - 2 scrolls of noise {unknown}
 z - 2 scrolls of teleportation {unknown}
 B - a scroll of amnesia {unknown}
Potions
 g - a potion of degeneration {unknown}
 i - a potion of lignification
 m - 2 potions of curing
 p - 2 potions of brilliance {unknown}
 q - a potion of ambrosia {unknown}
 r - a potion of heal wounds {unknown}
 C - 2 potions of might {unknown}


   Skills:
 + Level 4.8 Fighting
 + Level 4.8 Short Blades
 + Level 3.2 Axes
 + Level 0.6 Throwing
 + Level 2.0 Armour
 + Level 3.4 Dodging
 + Level 4.7 Stealth
 + Level 1.0 Shields
 * Level 2.4 Hexes


You had 4 spell levels left.
You knew the following spells:

 Your Spells              Type           Power      Damage    Failure   Level
a - Confusing Touch       Hex            5%         N/A       36%         3

Your spell library contained the following spells:

 Spells                   Type           Power      Damage    Failure   Level
 Slow                     Hex            5%         N/A       21%         2
 Shock                    Conj/Air       0%         1d3       34%         1
 Corpse Rot               Necr/Air       N/A        N/A       47%         2
 Swiftness                Air            0%         N/A       71%         3
 Airstrike                Air            0%         N/A       98%         4
 Dispel Undead            Necr           0%         3d6       98%         4
 Yara's Violent Unravell  Hex/Tmut       1%         3d3       99%         5
 Death Channel            Necr           0%         N/A       100%        6


Dungeon Overview and Level Annotations

Branches:
Dungeon (6/15)             Temple (0/1) D:4

Altars:
Sif Muna
The Shining One

Shops:
D:1 !


Innate Abilities, Weirdness & Mutations

You are immune to sickness and miasma.
Your stone body is resilient. (AC +5)
You are immune to poison.
You resist negative energy. (rN+)
You are resistant to electric shocks. (rElec)
You are resistant to unholy torment.
You are immune to petrification.


Message History

You puncture the orc wizard!
You kill the orc wizard!
Things that are here:
a +0 dagger; a +0 robe
There is a stone staircase leading down here.
You climb downwards.
There is a stone staircase leading up here.
You puncture the orc!
You kill the orc!
You see here a +0 club.
You see here a +0 club.
There is a stone staircase leading up here.
Found a staircase to the Ecumenical Temple.
An ogre comes into view. It is wielding a +0 giant spiked club.
Found a scale mail.
Throw: 10 darts (poison)
Press: ? - help, Q - select action, (/) - cycle Shift-Dir - straight line, f - ogre
Aim: an ogre, wielding a +0 giant spiked club (76% to hit)
You throw a poisoned dart. The poisoned dart hits the ogre.
The ogre is poisoned.
The ogre looks more healthy.
You barely miss the ogre.
The ogre is moderately wounded.
The ogre hits you with a +0 giant spiked club!!
You puncture the ogre!
The ogre is heavily wounded.
You hit the ogre.
The ogre is heavily wounded.
You barely miss the ogre.
The ogre is heavily wounded.
The ogre hits you with a +0 giant spiked club!
You barely miss the ogre.
The ogre is heavily wounded.
The ogre hits you with a +0 giant spiked club!
* * * LOW HITPOINT WARNING * * *
You feel better.
The ogre hits you with a +0 giant spiked club.
You feel yourself speed up.
The ogre hits you with a +0 giant spiked club!!
You die...

..>.....#####.#......≈# #..
#....#........<).####≈≈≈##. #.#.
#....#.#####.##.# ###≈#≈#
....#.#..#.# #.##.# ≈#.[
#..#...##..# #.##.# #.#
###..........# #.##.# .≈ ##.
##.........##.# #.##.# .≈ #≈##
..........###.#####.##.##.#≈#≈≈#.
...............O@.....<...#≈≈≈≈##
#.##...###############.#####.#≈#.
#.........>...###### #.# #.#≈##
#####.#######......# #.# #.#≈≈#
#..[.....# ###.###.#####.≈≈##
########.#####...........≈##≈
#...........######≈#≈≈
############# #≈≈≈# #####


You could see an ogre.

Vanquished Creatures
  A water moccasin (D:5)
  An orc warrior (D:4)
  2 ogres
  A centaur (D:4)
  A phantom (D:5)
  A water moccasin skeleton (D:4)
  A jelly (D:4)
  A bullfrog skeleton (D:3)
  A centaur skeleton (D:4)
  Ijyb (D:5)
  2 orc wizards
  A scorpion zombie (D:5)
  4 adders
  A shadow imp (D:5)
  8 orcs
  7 ball pythons
  5 endoplasms
  3 giant cockroaches
  5 goblins
  3 hobgoblins
  16 jackals
  2 quokkas
  3 bats
  7 frilled lizards
  5 kobolds
  7 rats
90 creatures vanquished.

Vanquished Creatures (others)
  An orc wizard (D:4)
1 creature vanquished.

Grand Total: 91 creatures vanquished

Notes
Turn   | Place    | Note
-------+----------+-------------------------------------------
     0 | D:1      | jlumianski the Gargoyle Monk began the quest for the Orb.
     0 | D:1      | Reached XP level 1. HP: 14/14 MP: 1/1
    86 | D:1      | Reached XP level 2. HP: 15/19 MP: 2/2
   351 | D:1      | Found Hokat's Distillery.
   727 | D:1      | Reached XP level 3. HP: 24/24 MP: 3/3
  1413 | D:3      | Found a glowing golden altar of the Shining One.
  1680 | D:2      | Reached XP level 4. HP: 29/29 MP: 4/4
  2117 | D:3      | Reached skill level 1 in Short Blades
  2309 | D:3      | Reached XP level 5. HP: 33/33 MP: 5/5
  2379 | D:4      | Noticed an ogre
  2405 | D:3      | Killed an ogre
  2663 | D:3      | Learned a level 3 spell: Confusing Touch
  2851 | D:4      | Found a shimmering blue altar of Sif Muna.
  2924 | D:5      | Entered Level 5 of the Dungeon
  2942 | D:5      | Reached skill level 1 in Armour
  2942 | D:5      | Reached XP level 6. HP: 30/39 MP: 6/6
  3032 | D:5      | Noticed Ijyb
  3054 | D:5      | Killed Ijyb
  3100 | D:5      | Noticed a water moccasin
  3136 | D:5      | Killed a water moccasin
  3165 | D:5      | Identified the +0 robe "Saaha" {rC- Will+ Regen+ Slay+2}
  3296 | D:5      | Reached skill level 1 in Hexes
  3296 | D:5      | Reached XP level 7. HP: 44/44 MP: 7/7
  3606 | D:4      | Reached skill level 1 in Shields
  3606 | D:4      | Reached XP level 8. HP: 19/48 MP: 8/8
  3653 | D:4      | Found a staircase to the Ecumenical Temple.
  3673 | D:4      | Slain by an ogre

Illustrated notes

Levels and vault maps discovered:
D:1:      minmay_arrival_plants_in_alcoves, layout_basic, serial_shops,
          nicolae_shop_statue_plus
D:2:      layout_basic, kennysheep_generic_room_11
D:3:      corexii_shack_village, layout_rooms, tso_metal_star,
          serial_corexii_hall, corexii_hall_statues_x,
          corexii_hall_statues_deadend
D:4:      layout_loops_ring, nicolae_sif_muna_condensation,
          mainiacjoe_overflow_24_doors, minmay_temple_entry_mini_moons,
          serial_shops, nicolae_shop_temple_entry_statues_fountains,
          minmay_manual_mullet, uniq_grinder
D:5:      layout_basic, uniq_ijyb
D:6:      layout_basic, minmay_shop_damaged, uniq_edmund

Skill      XL: |  1  2  3  4  5  6  7 |
---------------+----------------------+-----
Axes           | 3 |  3.2
Fighting       | 4 |  4.8
Short Blades   | 1 2 3 4 |  4.8
Stealth        | 3 4 |  4.7
Dodging        | 3 |  3.4
Armour         | 1 2 |  2.0
Hexes          | 1 2 |  2.4
Shields        | 1 |  1.0
Throwing       | |  0.6

Action                   |  1- 3 |  4- 6 |  7- 9 || total
-------------------------+-------+-------+-------++-------
Melee: Hand axe          |    33 |       |       ||    33
       Short sword       |    67 |   156 |    60 ||   283
Throw: Dart              |     3 |     2 |     6 ||    11
  Use: Potion            |     1 |       |     2 ||     3
       Scroll            |       |     3 |       ||     3
 Stab: Sleeping          |     3 |     9 |       ||    12
Armor: Robe              |    33 |     3 |    14 ||    50
       Leather armour    |       |    40 |       ||    40
Dodge: Dodged            |    47 |    58 |    21 ||   126
Block: Other             |       |     9 |     8 ||    17
